Bob, neutral male gnomish Caveman -------- ------ |<|>...---....| |.|-..........| |.||..``|.....| |.||....|.....| |.|------.----| |.| |....(.| |.------......| |....pG@......| |..-----......| ---- -------- Bob the Wanderer Experience level: 8 Strength: 15 Dexterity: 15 Constitution: 18 Intelligence: 9 Wisdom: 9 Charisma: 8 Health: 0(99) Energy: 68(68) Def: 9 Gold: 0 Moves: 7542 Dungeon seed: ZomHdjxWIf0sDj-y Game ID: Bob_1561387940 Your Inventory: Amulets x - an uncursed amulet of ESP (being worn) Weapons a - an uncursed +1 club (weapon in hand) b - an uncursed +2 sling (alternate weapon; not wielded) o - an uncursed +0 dagger t - an uncursed +0 boomerang (in quiver) X - an uncursed +0 dart Armor r - an uncursed +0 dwarvish iron helm (being worn) y - an uncursed +0 elven mithril-coat (being worn) z - an uncursed +0 dwarvish cloak (being worn) N - an uncursed +0 pair of iron shoes (being worn) Comestibles h - an uncursed egg k - 4 uncursed food rations p - 6 uncursed fortune cookies C - an uncursed carrot H - an uncursed sprig of wolfsbane J - an uncursed candy bar K - 2 uncursed lembas wafers Rings g - an uncursed ring of invisibility u - an uncursed ring of levitation G - an uncursed ring of polymorph control M - a cursed ring of see invisible Wands f - an uncursed wand of magic missile (0:0) i - an uncursed wand of slow monster (0:4) v - an uncursed wand of lightning (0:0) I - an uncursed wand of lightning (0:2) L - a blessed wand of digging (0:5) P - an uncursed wand of locking (0:6) Tools l - an uncursed skeleton key w - an uncursed can of grease (0:21) F - an uncursed bag of holding S - an uncursed tallow candle (0:200) T - an uncursed sack Gems n - an uncursed rock Contents of the bag of holding: 1896 gold pieces a cursed scroll of blank paper an uncursed scroll of earth a cursed scroll of earth an uncursed scroll of enchant armor a cursed scroll of enchant weapon a cursed scroll of food detection an uncursed scroll of gold detection an uncursed scroll of identify an uncursed scroll of light an uncursed scroll of magic mapping an uncursed scroll of remove curse an uncursed scroll of stinking cloud an uncursed scroll of summoning an uncursed scroll of taming a cursed scroll of taming 3 uncursed scrolls of teleportation an uncursed potion of healing a cursed potion of invisibility 3 uncursed potions of object detection an uncursed potion of oil an uncursed potion of see invisible an uncursed potion of sickness an uncursed potion of speed Spells and supernatural/magical abilities: Name Level Category Cost Memory W - pray for help -- divine ? -- Your skills at the end: Fighting Skills bare handed combat [Basic] Weapon Skills club [Skilled] sling [Basic] Spellcasting Skills Final Attributes: You were piously aligned. You were poison resistant. You were telepathic. You had infravision. You were slow. You last prayed 11 turns ago. Ishtar was pleased with you. You are dead. Vanquished creatures: a ranger 2 giant mimics a large dog a wolf an ice vortex a dingo 3 blue jellies a dust vortex an ape a soldier ant a bugbear 2 water nymphs 5 Mordor orcs 2 rock piercers 2 rock moles a fog cloud a yellow light a shrieker a gnome lord a gnomish wizard a black naga hatchling a golden naga hatchling a guardian naga hatchling 2 gray oozes 2 straw golems a paper golem a baby crocodile 7 giant ants a little dog 2 floating eyes 2 dwarves 2 kobold lords 17 hill orcs 6 rothes a rabid rat 2 centipedes a giant bat 2 monkeys 4 orc zombies 6 dwarf zombies 2 wererats an iguana 15 killer bees an acid blob 8 coyotes 4 hobbits 4 manes a large kobold 2 hobgoblins 9 giant rats 9 cave spiders 5 gnomes a gnome zombie 6 geckos 9 jackals 4 foxes 2 kobolds 2 goblins 10 sewer rats 17 grid bugs 2 bats 8 lichens 14 newts 228 creatures vanquished. Voluntary challenges: You used a wielded weapon 439 times, starting on turn 152. You were illiterate. You never genocided any monsters. You never polymorphed an object. You never changed form. You used no wishes. You never split a pudding. You never wrote Elbereth's name. You never violated your personal moral code. Dungeon overview: The Dungeons of Doom: levels 1 to 7 Level 1 a long staircase Level 2 Level 3 Level 4 stairs to The Gnomish Mines Level 5 an altar to Ishtar, a sink Level 6 many fountains Level 7 stairs to Sokoban The Gnomish Mines: levels 5 to 8 Level 5 stairs to The Dungeons of Doom Level 6 Level 7 many shops, a temple to Anu, some fountains Level 8 Sokoban: levels 3 to 6 Level 3 Solved Level 4 Solved Level 5 Solved Level 6 <- You were here Solved stairs to The Dungeons of Doom History has recorded: On T:1 you entered the Dungeons of Doom to retrieve the Amulet of Yendor! On T:197 you reached level 2 of The Dungeons of Doom. On T:257 you reached level 3 of The Dungeons of Doom. On T:366 you advanced to experience level 2. On T:500 you reached level 4 of The Dungeons of Doom. On T:924 you reached level 1 of The Gnomish Mines. On T:954 you advanced to experience level 3. On T:1055 you advanced to experience level 4. On T:1181 you reached level 2 of The Gnomish Mines. On T:1200 you advanced to experience level 5. On T:1612 you reached level 3 of The Gnomish Mines. On T:1648 you reached level 4 of The Gnomish Mines. On T:1678 you advanced to experience level 6. On T:2696 you reached level 5 of The Dungeons of Doom. On T:2857 you advanced to experience level 7. On T:3343 you reached level 6 of The Dungeons of Doom. On T:3606 you reached level 7 of The Dungeons of Doom. On T:3665 you reached level 4 of Sokoban. On T:4103 you reached level 3 of Sokoban. On T:5005 you reached level 2 of Sokoban. On T:5676 you advanced to experience level 8. On T:5684 you reached level 1 of Sokoban. Score breakdown: Gold: 1896 (11150 points) Experience: 8 levels (14739 points) Exploration: 8 levels ( 15.38%) (11114 points) Discoveries: 9 items ( 2.96%) ( 5161 points) Valuables value: (no points given unless you survive) Artifact value: 0 ( 0 points) Variety of kills: 63 monsters ( 16.58%) (12215 points) Turncount: 7542 turns (-1961 points) Survival: died (score multiplied by 80%) Total score: 41934 Latest messages: [2 turns] You hit the Green-elf. The Green-elf swings her runed broadsword at you. The Green-elf just misses! The Green-elf swings her runed broadsword at you. The Green-elf hits! [2 turns] You hit the Green-elf! The Green-elf swings her runed broadsword at you. The Green-elf hits! The Green-elf swings her runed broadsword at you. The Green-elf hits! [2 turns] The bolt of lightning hits the Green-elf! The Green-elf is blinded by the flash! The Green-elf swings her runed broadsword at you. The Green-elf hits! You die... The sack is empty. The sack is empty. Final status: Goodbye Bob the Caveman, killed by a Green-elf... You died in Sokoban on dungeon level 6 with 41934 points, and 1896 pieces of gold, after 7542 moves. You were level 8 with a maximum of 99 hit points when you died.